Map: Lerilak Crest

Players

Arcane - Winner!

  • Race: Terran Terran
  • League: Diamond

LilDicky

  • Race: Terran Terran
  • League: Diamond

VOD

http://www.twitch.tv/tumescentpie

Description

Time

  • Played on: Dec. 5, 2015, 6:01 p.m.
  • Length: 12:19
Show
View Real Time Build Order
Export as new Build Order

Arcane Terran - Winner!

Build Orders: Reaper Expand, Bio Tank, MMM Bio 

Get SALT Encoding   

  12  0:01  SCV  
  13  0:13  SCV  
  14  0:17  Supply Depot  
  14  0:25  SCV  
  15  0:39  SCV  
  16  0:42  Barracks  
  16  0:45  Refinery  
  16  0:51  SCV  
  17  1:03  SCV  
  18  1:15  SCV  
  19  1:31  Orbital Command  
  19  1:32  Reaper  
  20  1:43  Command Center  
  20  1:57  SCV  
  21  2:04  Factory  
  21  2:12  SCV  
  21  2:13  Marine  
  23  2:20  Refinery  
  23  2:21  Supply Depot  
  23  2:32  Barracks Reactor  
  23  2:43  SCV  
  24  2:55  SCV, Orbital Command  
  26  2:58  Hellion  
  26  3:02  Starport  
  26  3:07  SCV  
  26  3:09  Marine x2  
  28  3:37  Hellion, Marine x2  
  32  3:43  SCV x2  
  34  3:52  Starport Tech Lab  
  34  3:55  SCV x2  
  36  3:59  Barracks  
  36  4:03  Barracks  
  36  4:05  Marine x2  
  36  4:07  SCV x2  
  36  4:08  Factory Tech Lab  
  40  4:16  Raven  
  42  4:19  SCV x2  
  42  4:23  Engineering Bay, Marine  
  42  4:24  Marine  
  46  4:48  Supply Depot, Barracks Tech Lab  
  46  4:49  Barracks Reactor  
  46  4:52  Missile Turret  
  46  5:00  Missile Turret  
  46  5:05  Missile Turret  
  46  5:09  SCV x2, Siege Tank, Marine x2  
  46  5:13  Stimpack  
  53  5:20  Supply Depot  
  53  5:21  SCV  
  53  5:25  Refinery  
  54  5:41  SCV x2, Viking  
  58  5:45  Siege Tank  
  58  5:46  Marine  
  62  5:54  Terran Infantry Weapons Level 1, Missile Turret  
  62  5:55  Supply Depot  
  62  5:58  Refinery  
  62  6:04  Supply Depot  
  62  6:16  SCV x2, Marauder, Marine x3  
  69  6:20  Starport Reactor  
  69  6:26  Barracks  
  69  6:28  SCV x2  
  71  6:35  Command Center  
  71  6:37  Marine x2  
  71  6:38  Marauder  
  75  6:40  SCV x2  
  73  6:47  Marine x2  
  73  6:53  SCV x2  
  73  6:54  Barracks  
  77  6:57  Supply Depot  
  77  6:58  Supply Depot  
  77  7:05  SCV  
  78  7:15  Supply Depot  
  78  7:18  Marine x2  
  78  7:19  SCV, Siege Tank, Marauder  
  81  7:41  SCV x2  
  81  7:43  Medivac x2  
  82  8:00  SCV x3  
  82  8:01  Marauder, Marine x2  
  82  8:02  Marauder, Marine x2  
  78  8:19  Marine x2  
  79  8:22  Orbital Command  
  79  8:23  Combat Shields  
  79  8:25  Barracks Reactor  
  79  8:26  Medivac x2  
  81  8:31  SCV  
  81  8:32  SCV  
  83  8:44  SCV x2  
  82  8:55  SCV  
  82  8:56  SCV x2, Marine x6  
  82  9:01  Missile Turret  
  88  9:07  SCV  
  86  9:22  Marine x7  
  86  9:23  Medivac x2  
  95  9:29  SCV x3  
  98  9:37  Barracks  
  98  9:39  Barracks  
  98  9:40  Barracks  
  98  9:41  SCV x3, Armory  
  98  9:44  Marine  
  98  9:45  Marine x3  
  103  9:53  SCV x3, Viking x2  
  110  10:01  Barracks  
  110  10:02  Siege Tank  
  110  10:03  Terran Infantry Armor Level 1, Barracks  
  110  10:05  SCV x3  
  116  10:17  SCV  
  117  10:23  Supply Depot  
  117  10:24  Supply Depot  
  117  10:26  SCV  
  117  10:28  SCV  
  117  10:29  SCV  
  116  10:38  SCV  
  116  10:41  SCV  
  116  10:43  SCV  
  116  10:44  Marine x8  
  116  10:45  Marine x3  
  121  10:50  SCV, Marine  
  121  10:51  Marine  
  124  10:57  SCV x2  
  124  11:01  Refinery  
  124  11:02  Refinery, Marine x5  
  124  11:03  Marauder  
  133  11:14  Marine x2  
  133  11:15  Marine x2  
  133  11:16  Marauder, Marine x2  
  129  11:20  Marine  
  129  11:21  Marine x4  
  129  11:24  Marauder  
  116  11:28  SCV x2  
  117  11:33  SCV  
  117  11:39  Barracks Reactor x4  
  118  11:40  SCV x2  
  118  11:45  SCV  
  121  11:52  SCV x2  
  121  12:05  SCV  
  121  12:06  SCV  
Show
View Real Time Build Order
Export as new Build Order

LilDicky Terran 

Build Orders:  

Get SALT Encoding   

  12  0:01  SCV  
  13  0:13  SCV  
  14  0:17  Supply Depot  
  14  0:25  SCV  
  15  0:39  SCV  
  16  0:43  Barracks  
  16  0:47  Refinery  
  16  0:54  SCV  
  17  1:06  SCV  
  18  1:18  SCV  
  19  1:30  SCV  
  21  1:34  Supply Depot  
  21  1:35  Reaper  
  21  1:42  Orbital Command  
  21  2:02  Command Center  
  21  2:07  Reaper  
  21  2:08  SCV  
  23  2:12  Refinery  
  22  2:20  SCV  
  22  2:22  Supply Depot  
  23  2:33  Factory  
  23  2:35  SCV  
  24  2:42  Marine  
  25  2:47  SCV  
  25  2:59  SCV  
  25  3:00  Marine  
  25  3:02  Supply Depot  
  27  3:14  SCV  
  27  3:37  Marine  
  27  3:41  Orbital Command  
  28  3:44  Starport  
  28  3:45  Factory Tech Lab  
  28  3:46  SCV  
  29  3:49  Supply Depot  
  29  3:55  Marine  
  30  3:58  SCV  
  30  3:59  Supply Depot  
  30  4:05  Orbital Command  
  31  4:14  Supply Depot  
  30  4:22  SCV  
  31  4:24  Marine  
  31  4:27  Widow Mine  
  31  4:29  Banshee, Cloaking Field  
  37  4:34  SCV  
  37  4:35  SCV  
  39  4:41  Command Center  
  39  4:46  SCV  
  39  4:47  SCV  
  39  4:49  Marine  
  42  4:57  Factory, Refinery  
  42  4:58  SCV  
  42  4:59  SCV, Refinery  
  44  5:05  Engineering Bay  
  44  5:09  Supply Depot  
  44  5:11  SCV  
  44  5:12  Marine  
  44  5:13  Factory Tech Lab  
  46  5:18  Banshee  
  48  5:34  Siege Tank  
  47  5:44  Starport  
  47  5:47  Factory Tech Lab  
  47  5:52  SCV x2  
  49  6:00  Orbital Command  
  49  6:04  SCV, Missile Turret  
  50  6:06  SCV  
  50  6:08  Banshee  
  54  6:11  Siege Tank  
  54  6:12  Siege Tank  
  54  6:15  Marine  
  54  6:16  SCV  
  63  6:18  SCV  
  63  6:27  Viking  
  63  6:28  SCV  
  63  6:29  SCV  
  63  6:30  SCV, Supply Depot  
  67  6:40  SCV  
  67  6:44  Engineering Bay  
  68  6:57  Command Center  
  68  7:03  Starport Reactor  
  68  7:06  Viking  
  70  7:15  Supply Depot  
  59  7:44  Siege Tank x2  
  65  8:01  SCV  
  65  8:02  Viking  
  65  8:03  Banshee, Viking  
  73  8:06  SCV x2  
  73  8:08  Marine  
  70  8:13  SCV  
  70  8:16  Siege Tank x2  
  70  8:18  SCV  
  72  8:27  Orbital Command  
  72  8:28  SCV x2  
  72  8:30  SCV  
  75  8:40  SCV x2  
  70  8:42  SCV  
  70  8:43  Viking x2  
  70  8:44  Refinery  
  70  8:45  Banshee  
  70  8:46  Refinery  
  75  8:48  Siege Tank x2  
  76  9:03  SCV x3  
  79  9:15  SCV x2  
  79  9:20  Siege Tank  
  79  9:21  Siege Tank  
  79  9:23  Viking  
  79  9:28  Banshee  
  79  9:38  Factory  
  78  9:41  Missile Turret  
  78  9:51  Command Center, Orbital Command  
  81  9:52  Siege Tank  
  81  9:53  SCV, Siege Tank  
  81  9:54  SCV  
  81  9:59  Viking  
  88  10:03  Viking  
  88  10:04  SCV  
  91  10:13  Banshee  
  94  10:29  Viking  
  96  10:36  Missile Turret  
  96  10:37  Missile Turret  
  92  10:55  Banshee, Siege Tank x2  
  98  10:57  Viking  
  98  10:58  SCV  
  98  10:59  Viking  
  98  11:01  Missile Turret  
  78  11:27  Siege Tank  
  78  11:28  Siege Tank  
  78  11:30  Factory Tech Lab  
  78  11:31  SCV x2  
  78  11:32  Factory  
  79  11:46  Viking  
  80  11:52  Refinery  
Tags
 
Add a new tag
Caveats
  • Supply blocks, unpowered buildings, or Contaminate may cause inaccurate times.
  • Supply counts are checked every 10 seconds.